 Dungeon Crawl Stone Soup version 0.25.1-2-g60ff931df9 (webtiles) character file.

Game seed: 11007199697891833431

350 H0rd4k the Magician (level 6, -7/32 HPs)
             Began as a Deep Elf Wizard on Nov 18, 2020.
             Mangled by an ogre
             ... wielding a +0 giant spiked club
              (14 damage)
             ... on level 4 of the Dungeon.
             The game lasted 00:06:11 (4170 turns).

H0rd4k the Magician (Deep Elf Wizard)               Turns: 4170, Time: 00:06:11

Health: -7/32      AC:  5    Str:  4    XL:     6   Next: 34%
Magic:  3/18       EV: 13    Int: 25    God:
Gold:   242        SH:  0    Dex: 13    Spells: 10/19 levels left

rFire    . . .     SeeInvis .   (no weapon)
rCold    . . .     Gourm    .   (no shield)
rNeg     . . .     Faith    .   a - +0 robe
rPois    .         Spirit   .   m - +0 hat
rElec    .         Reflect  .   (no cloak)
rCorr    .         Harm     .   (no gloves)
MR       .....                  i - +2 pair of boots
Stlth    ++........             (no amulet)
HPRegen  0.10/turn              (no ring)
MPRegen  0.16/turn              (no ring)

@: lethally poisoned (-7 -> -10), very slightly contaminated
A: no striking features
a: no special abilities


You were on level 4 of the Dungeon.
You were not hungry.

You visited 1 branch of the dungeon, and saw 4 of its levels.

You collected 242 gold pieces.

Inventory:

Hand Weapons
 l - a +5 dagger
Armour
 a - a +0 robe (worn)
 i - a +2 pair of boots (worn)
 m - a +0 hat (worn)
Scrolls
 c - 2 scrolls of fog {unknown}
 e - a scroll of amnesia {unknown}
 f - a scroll of enchant armour {unknown}
 g - a scroll of blinking {unknown}
 j - 4 scrolls of identify {unknown}
 k - a scroll of noise {unknown}
 o - a scroll of teleportation {unknown}
Potions
 b - a potion of stabbing {unknown}
 h - 2 potions of curing {unknown}
 n - a potion of berserk rage {unknown}
 p - a potion of flight {unknown}
 q - a potion of might {unknown}
Comestibles
 d - 3 rations


   Skills:
 + Level 3.1 Dodging
 + Level 3.7 Stealth
 + Level 7.1 Spellcasting
 + Level 2.8 Conjurations
   Level 1.1 Summonings
 + Level 1.1 Translocations
 + Level 1.1 Fire Magic
 + Level 1.7 Air Magic
 + Level 1.7 Poison Magic


You had 10 spell levels left.
You knew the following spells:

 Your Spells              Type           Power        Failure   Level  Hunger
a - Magic Dart            Conj           ###.         1%          1    None
b - Blink                 Tloc           N/A          6%          2    None
c - Conjure Flame         Conj/Fire      ###.....     9%          3    None
d - Mephitic Cloud        Conj/Pois/Air  ###.....     9%          3    None

Your spell library contained the following spells:

 Spells                   Type           Power        Failure   Level  Hunger
 Apportation              Tloc           ##....       4%          1    None
 Summon Small Mammal      Summ           ##..         4%          1    None
 Call Imp                 Summ           ##......     6%          2    None
 Animate Skeleton         Necr           N/A          7%          1    None
 Corona                   Hex            #......      7%          1    None
 Slow                     Hex            #.......     10%         2    None
 Gell's Gravitas          Tloc           ##........   13%         3    None
 Confusing Touch          Hex            #.......     21%         3    None
 Petrify                  Tmut/Erth      #.......     54%         4    ###....
 Metabolic Englaciation   Hex/Ice        #.........   88%         5    #####..
 Yara's Violent Unravell  Hex/Tmut       #.........   88%         5    #####..


Dungeon Overview and Level Annotations

Branches:
Dungeon (4/15)
 Temple: D:4-7

Altars:
Dithmenos
Kikubaaqudgha


Message History

Aiming: Magic Dart (safe; 1% risk of failure)
Press: ? - help, Shift-Dir - straight line, f/p - ogre
Aim: an ogre, wielding a +0 giant spiked club The magic dart hits the ogre.
The ogre is lightly wounded.
You feel sick.
The ogre hits you with a +0 giant spiked club!
* * * LOW HITPOINT WARNING * * *
Casting: Magic Dart (safe; 1% risk of failure)
Confirm with . or Enter, or press ? or * to list all spells.
You blink.
You feel sick.
You feel sick.
You feel sick.
You feel sick.
Casting: Blink (safe; 6% risk of failure)
Confirm with . or Enter, or press ? or * to list all spells.
You miscast Blink.
Nothing appears to happen.
The ogre hits you with a +0 giant spiked club!
You die...

# #......>#.#....##..#.###.## #
#..###.........##.###.###.##
######..# #..........[## ##.###>.
........###.##.##.#.##.###.###.##
.#####......##.##.#.##..#.###.###
#.####.#.#####.........#.#.#.....
##.....#....#####.#...........###
##....###...####.######.######
##.##......#...O@.# #.#
#.......##...###### #.#
.####.#.###..# #.# .# #.#.# ##.#
#.# .# #.#.## #.# #.#
.####....###.### #####.#
...............#####.....#
.####....###.#...†.......#
......#.## #.#...#####...#


You could see an ogre.

Vanquished Creatures
  A phantom (D:4)
  A scorpion (D:4)
  An iguana (D:4)
  An orc wizard (D:3)
  2 worker ants (D:4)
  5 adders
  2 worms (D:3)
  2 dart slugs
  5 orcs
  3 giant cockroaches
  5 goblins
  3 hobgoblins
  9 kobolds
  2 quokkas (D:3)
  7 bats
  5 frilled lizards
  A jackal skeleton (D:4)
  8 rats
63 creatures vanquished.

Notes
Turn   | Place    | Note
-------+----------+-------------------------------------------
     0 | D:1      | H0rd4k the Deep Elf Wizard began the quest for the Orb.
     0 | D:1      | Reached XP level 1. HP: 10/10 MP: 7/7
   360 | D:1      | Reached XP level 2. HP: 15/15 MP: 5/9
   419 | D:1      | Reached skill level 5 in Spellcasting
  1092 | D:2      | Reached XP level 3. HP: 19/19 MP: 6/12
  1096 | D:2      | Learned a level 2 spell: Blink
  1100 | D:2      | Learned a level 3 spell: Conjure Flame
  1104 | D:2      | Learned a level 3 spell: Mephitic Cloud
  1953 | D:3      | Reached XP level 4. HP: 24/24 MP: 8/13
  2234 | D:3      | Reached skill level 6 in Spellcasting
  2299 | D:3      | Reached skill level 1 in Air Magic
  2576 | D:3      | Reached skill level 1 in Poison Magic
  3145 | D:3      | Found an ancient bone altar of Kikubaaqudgha.
  3342 | D:3      | Reached XP level 5. HP: 24/28 MP: 10/15
  3453 | D:4      | Noticed a phantom
  3551 | D:4      | Killed a phantom
  3551 | D:4      | Reached skill level 1 in Fire Magic
  3848 | D:4      | Found a shadowy altar of Dithmenos.
  3867 | D:4      | Reached XP level 6. HP: 32/32 MP: 8/17
  4154 | D:4      | Reached skill level 7 in Spellcasting
  4170 | D:4      | Mangled by an ogre

Illustrated notes

Levels and vault maps discovered:
D:1:      minmay_arrival_stair_chambers, layout_loops_ring
D:2:      layout_loops_cross, first_ration, kennysheep_generic_room_8
D:3:      layout_basic, marbit_many_paths, chequers_garden
D:4:      layout_loops_ring, lemuel_crystal_altar,
          ashenzari_conservatory_becter, roderic_malta_cross, minmay_ruptured,
          uniq_menkaure, uniq_robin

Skill      XL: |  1  2  3  4  5  6 |
---------------+-------------------+-----
Spellcasting   | 5 6 7 |  7.1
Stealth        | 3 |  3.7
Air Magic      | 1 |  1.7
Poison Magic   | 1 |  1.7
Dodging        | 3 |  3.1
Conjurations   | 2 |  2.8
Fire Magic     | 1 |  1.1
Summonings     | |  1.1
Translocations | |  1.1

Action                   |  1- 3 |  4- 6 || total
-------------------------+-------+-------++-------
 Cast: Magic Dart        |    80 |   109 ||   189
       Conjure Flame     |       |     5 ||     5
       Mephitic Cloud    |       |     5 ||     5
       Blink             |       |     2 ||     2
  Eat: Chunk             |     3 |     4 ||     7
       Ration            |       |     1 ||     1
Armor: Robe              |       |     3 ||     3
Dodge: Dodged            |     6 |    12 ||    18
